 Dungeon Crawl Stone Soup version 0.32-a0-953-g508020473e (webtiles) character file.

Game seed: 2778804416670828643

8 wildpjah the Covered (level 2, 22/26 HPs)
             Began as a Mountain Dwarf Fighter on Apr 16, 2024.
             Quit the game on level 1 of the Dungeon.
             The game lasted 00:00:54 (179 turns).

wildpjah the Covered (Mountain Dwarf Fighter)        Turns: 179, Time: 00:00:55

Health: 22/26      AC:  5    Str: 18    XL:     2   Next: 0%
Magic:  2/2        EV:  9    Int:  8    God:
Gold:   0          SH:  4    Dex:  9    Spells: 1/1 levels left

rFire   . . .        a - +0 war axe
rCold   . . .        c - +0 buckler
rNeg    . . .        f - +0 ring mail
rPois   .            (no helmet)
rElec   .            (no cloak)
rCorr   .            (no gloves)
SInv    .            (no boots)
Will    .....        (no amulet) Stlth
                     (no ring)
HPRegen 0.24/turn    (no ring)
MPRegen 0.08/turn

%: no passive effects
@: no status effects
A: runic magic, artefact enchanting
a: no special abilities


You were on level 1 of the Dungeon.
You visited 1 branch of the dungeon, and saw 1 of its levels.

Inventory:

Hand Weapons
 a - a +0 war axe (weapon)
Armour
 b - a +0 scale mail
 c - a +0 buckler (worn)
 f - a +0 ring mail (worn)
Potions
 d - a potion of might
 e - a potion of berserk rage {unknown}


   Skills:
 + Level 3.4 Fighting
 + Level 2.6 Axes
 + Level 3.5 Armour
 + Level 3.4 Shields


You had one spell level left.
You didn't know any spells.
Your spell library was empty.

Dungeon Overview and Level Annotations

Branches:
Dungeon (1/15)

Altars:


Innate Abilities, Weirdness & Mutations

Your spellcasting is much less encumbered by armour.
You can use scrolls of enchantment on lesser artefacts.


Message History

You hit the bat.
The bat is moderately wounded.
You block the bat's attack. x2
You hit the bat.
You kill the bat!
No target in view!
No target in view!
A giant cockroach comes into view.
The giant cockroach waves its antennae.
You barely miss the giant cockroach. The giant cockroach barely misses you.
You hit the giant cockroach.
The giant cockroach is moderately wounded.
The giant cockroach bites you but does no damage. x2
You slash the giant cockroach!
You kill the giant cockroach!
No target in view!
No target in view!
No target in view!
No target in view!
A bat and an endoplasm come into view.
The endoplasm quivers.
You see here a giant cockroach corpse.
The bat hits you but does no damage.
You hit the bat but do no damage. The bat hits you but does no damage.
The bat closely misses you.
You barely miss the bat. The bat hits you but does no damage. The bat hits you.
The endoplasm freezes you.
You are frozen.
You slash the endoplasm!
You kill the endoplasm!
The bat closely misses you. The bat hits you but does no damage.
You barely miss the bat. The bat hits you but does no damage.
The bat hits you but does no damage. You block the bat's attack.
The bat hits you but does no damage.
Found 11 gold pieces.
The bat hits you but does no damage.
You slash the bat!
You kill the bat!
You have reached level 2!
Are you sure you want to abandon this character and quit the game? (Confirm with "yes".)

#...# .# . $... #...#
#.# .#. ....#####...#
#.###.#. #...........#
#....... #..........###
#.......
#........†...###.......
#........#.#..##.......
#........#.##..........
#.....@..#.####......(.
#........#.# #........
#............###.###...
#.................#...#
#.####...)...#..#.....#
# ####......####....
....## #...# #...#
#.... ... #...†


There were no monsters in sight!

Vanquished Creatures
  2 endoplasms (D:1)
  A giant cockroach (D:1)
  A hobgoblin (D:1)
  2 bats (D:1)
  A frilled lizard (D:1)
  A rat (D:1)
8 creatures vanquished.

Notes
Turn   | Place    | Note
-------+----------+-------------------------------------------
     0 | D:1      | wildpjah the Mountain Dwarf Fighter began the quest for the
                  | Orb.
     0 | D:1      | Reached XP level 1. HP: 19/19 MP: 1/1
   179 | D:1      | Reached XP level 2. HP: 22/26 MP: 2/2
   179 | D:1      | Quit the game

Illustrated notes

Levels and vault maps discovered:
D:1:      dpeg_arrival_rooms_c, layout_rooms, chequers_ecumenical_altar_simple

Action                     || total
---------------------------++-------
  Melee: War axe           ||    22
 Armour: Ring mail         ||    17
         Scale mail        ||     3
  Dodge: Dodged            ||     9
  Block: Buckler           ||     7

Table legend: (Time is in decaauts)
 A = Elapsed time spent in this place.
 B = Non-inter-level travel time spent in this place.
 C = Inter-level travel time spent in this place.
 D = Time resting spent in this place.
 E = Time spent auto-exploring this place.
 F = Levels seen in this place.
 G = Mean time per level.
                   A        B        C        D        E       F      G
               +--------+--------+--------+--------+--------+-----+--------+
         Total |    188 |    188 |      0 |      0 |     77 |   1 |  188.0 |
       Dungeon |    188 |    188 |      0 |      0 |     77 |   1 |  188.0 |
               +--------+--------+--------+--------+--------+-----+--------+

Top non-repeatable levels by time:
     D:1: 188 daAuts
